Map: Kairos Junction LE

Players

carpini - Winner!

  • Race: Protoss Protoss
  • Spawn Location: 11:00

PeLLy

  • Race: Zerg Zerg
  • League: Diamond
  • Spawn Location: 5:00

VOD

Have the link to the VOD?

Description

Time

  • Played on: Aug. 7, 2019, 3:07 p.m.
  • Length: 6:12
Show
View Real Time Build Order
Export as new Build Order

carpini Protoss - Winner!

Build Orders: Cannon Rush 

Get SALT Encoding   

  1  0:00  Probe  
  13  0:07  Probe  
  14  0:24  Pylon, Probe  
  15  0:46  Probe  
  15  0:48  Forge  
  16  0:52  Gateway  
  16  0:58  Probe  
  17  1:10  Pylon  
  17  1:17  Probe  
  18  1:23  Assimilator  
  18  1:27  Assimilator  
  18  1:38  Probe  
  19  1:50  Probe  
  19  1:52  Photon Cannon  
  19  1:53  Photon Cannon  
  20  1:55  Photon Cannon  
  20  2:16  Pylon  
  20  2:29  Pylon  
  20  2:33  Pylon  
  20  2:37  Photon Cannon  
  20  2:42  Photon Cannon  
  20  2:43  Photon Cannon  
  20  2:45  Cybernetics Core  
  20  2:47  Photon Cannon  
  20  2:51  Photon Cannon  
  20  3:11  Probe  
  20  3:19  Probe  
  21  3:22  Zealot  
  24  3:28  Probe  
  25  3:39  Warp Gate  
  25  3:48  Photon Cannon  
  24  3:52  Photon Cannon  
  26  4:03  Stalker  
  26  4:20  Stargate  
  26  4:24  Gateway  
  26  4:47  Gateway x2  
  26  4:52  Sentry  
  28  5:03  Void Ray  
  32  5:18  Stalker  
  34  5:25  Nexus  
  34  5:46  Stalker x2  
  38  5:51  Pylon  
Show
View Real Time Build Order
Export as new Build Order

PeLLy Zerg 

Build Orders: Hatch First 

Get SALT Encoding   

  12  0:01  Drone  
  13  0:13  Overlord  
  13  0:19  Drone  
  14  0:31  Drone  
  14  0:32  Drone  
  17  0:35  Drone  
  17  0:55  Hatchery  
  17  0:56  Drone  
  17  1:11  Spawning Pool  
  16  1:13  Drone  
  17  1:19  Drone  
  17  1:24  Drone  
  19  1:31  Overlord  
  19  1:40  Drone  
  20  1:55  Drone  
  22  2:08  Hatchery  
  22  2:12  Extractor  
  22  2:13  Extractor  
  22  2:14  Roach Warren  
  18  2:20  Hatchery  
  18  2:21  Zergling x4  
  19  2:23  Zergling x2  
  20  2:48  Zergling x4  
  20  2:57  Roach  
  21  3:06  Roach  
  23  3:15  Lair  
  23  3:17  Roach  
  25  3:22  Roach  
  28  3:32  Ravager  
  28  3:38  Spine Crawler  
  28  3:41  Roach  
  29  3:44  Roach  
  31  3:51  Roach x2  
  35  4:08  Overlord  
  31  4:34  Hatchery  
  31  4:35  Ravager  
  31  4:36  Overlord  
  31  4:50  Evolution Chamber  
  30  4:53  Evolution Chamber  
  24  5:08  Queen  
  26  5:15  Drone x2, Zergling x2  
  29  5:27  Drone  
  30  5:37  Ravager  
  30  5:38  Ravager  
  30  5:39  Ravager  
  33  5:44  Drone  
  34  5:55  Drone x2  
  36  5:58  Drone  
Tags
 
Add a new tag
Caveats
  • Supply blocks, unpowered buildings, or Contaminate may cause inaccurate times.
  • Supply counts are checked every 10 seconds.